 Dungeon Crawl Stone Soup version 0.22-a0-322-g60b3cfd (webtiles) character file.

70 Kairos the Skirmisher (level 4, 38/38 HPs)
             Began as a Barachi Fighter on Apr 5, 2018.
             Got out of the dungeon alive.
             The game lasted 00:02:33 (1316 turns).

Kairos the Skirmisher (Barachi Fighter)             Turns: 1316, Time: 00:02:33

Health: 38/38      AC:  8    Str: 19    XL:     4   Next: 21%
Magic:  4/4        EV:  8    Int: 10    God:
Gold:   49         SH:  9    Dex: 13    Spells: 3/3 levels left

rFire    . . .     SeeInvis .   a - +0 long sword
rCold    . . .     Gourm    .   c - +0 shield
rNeg     . . .     Faith    .   b - +0 scale mail
rPois    .         Spirit   .   (no helmet)
rElec    .         Reflect  .   (no cloak)
rCorr    +         Harm     .   (no gloves)
MR       .....     Rnd*Tele +   (no boots)
Stlth    ..........             (no amulet)
HPRegen  0.12/turn              j - ring of resist corrosion
MPRegen  0.09/turn              k - ring of teleportation (curse)

@: slow
A: +LOS, swims, rugged brown scales 1, clever 1, deterioration 1, slowness 1,
strong 1, strong legs 1
a: Hop


You escaped.
You were not hungry.

You visited 1 branch of the dungeon, and saw 2 of its levels.

You collected 49 gold pieces.

Inventory:

Hand Weapons
 a - a +0 long sword (weapon)
Armour
 b - a +0 scale mail (worn)
 c - a +0 shield (worn)
Jewellery
 j - a ring of resist corrosion (left hand)
 k - a cursed ring of teleportation (right hand)
Scrolls
 h - a scroll of identify
 l - a scroll of remove curse
Potions
 d - a potion of might
 e - 4 potions of heal wounds
 g - a potion of agility {unknown}
 i - a potion of brilliance {unknown}
Comestibles
 f - 5 rations


   Skills:
 + Level 4.1 Fighting
 + Level 3.3 Long Blades
 + Level 4.1 Armour
 + Level 1.3 Dodging
 + Level 3.8 Shields


You had 3 spell levels left.
You didn't know any spells.

Dungeon Overview and Level Annotations

Branches:
Dungeon (2/15)

Altars:


Innate Abilities, Weirdness & Mutations

Shadows flee at your approach. (+LOS)
You can swim through water.
You cover ground slowly.
You can hop short distances.
You are partially covered in rugged brown scales. (AC +1, +3% HP)
Your mind is acute. (Int +2)
Your body sometimes deteriorates upon taking damage.
Your muscles are strong. (Str +2)


Message History

You barely miss the ball python.
The ball python bites you but does no damage.
The ball python grabs you. The ball python constricts you.
You hit the ball python.
You kill the ball python!
No target in view!
No target in view!
No target in view!
No target in view!
No target in view!
No target in view!
No target in view!
There is a stone staircase leading up here.
You climb upwards.
There is a stone staircase leading down here.
HP restored.
There is a dry fountain here.
There is a staircase leading out of the dungeon here.
Are you sure you want to leave the Dungeon?
This will make you lose the game!
You have escaped!

#.##†####.####.# #.#.###.##
###.#...###.# #.# #.#.# #.#
.........#######.#######.#.# #.#
.....#####.............##### #.#
######..........⌠..........###>#
# ##...⌠.................⌠...###
###....§...⌠.........⌠........###
#.....§.......................#.
#...⌠.§........@..........⌠...##
#.............................#
##.(......⌠.........⌠........##
##...⌠.................⌠...###
####..........⌠.(........###.#
#.######.(...........#######.##
#.# ###############.......##
###.## #.#..######. .....# #.#..#
#.


There were no monsters in sight!

Vanquished Creatures
  An adder (D:2)
  An ooze (D:1)
  A worm (D:2)
  2 dart slugs (D:1)
  6 bats
  A giant cockroach (D:2)
  7 goblins
  5 hobgoblins
  6 jackals
  A quokka (D:2)
  2 ball pythons
  7 kobolds
  8 rats
48 creatures vanquished.

Notes
Turn   | Place    | Note
-------+----------+-------------------------------------------
     0 | D:1      | Kairos the Barachi Fighter began the quest for the Orb.
     0 | D:1      | Reached XP level 1. HP: 18/18 MP: 1/1
    88 | D:1      | Reached XP level 2. HP: 23/25 MP: 2/2
   288 | D:1      | Reached XP level 3. HP: 30/30 MP: 3/3
   413 | D:1      | Reached skill level 1 in Dodging
   704 | D:1      | Gained mutation: You are weak. (Str -2) [potion of mutation]
   704 | D:1      | Gained mutation: You expend magic power (3 MP) to strengthen your wands. [potion of mutation]
   704 | D:1      | Gained mutation: You are partially covered in rugged brown scales. (AC +1, +3% HP) [potion of mutation]
   705 | D:1      | Lost mutation: You expend magic power (3 MP) to strengthen your wands. [potion of mutation]
   705 | D:1      | Lost mutation: You are weak. (Str -2) [potion of mutation]
   705 | D:1      | Gained mutation: Your muscles are strong. (Str +2) [potion of mutation]
   705 | D:1      | Gained mutation: Your body sometimes deteriorates upon taking damage. [potion of mutation]
   705 | D:1      | Gained mutation: Your mind is acute. (Int +2) [potion of mutation]
  1140 | D:2      | Reached XP level 4. HP: 34/38 MP: 4/4
  1316 | D:$      | Got out of the dungeon alive.

Vault maps used:
D:1:      dpeg_arrival_water_temple_mockup, hangedman_decor_growths,
          minmay_tromino_v4_c
D:2:      first_ration, uniq_sigmund

Skill      XL: |  1  2  3 |
---------------+----------+-----
Armour         | 4 |  4.1
Fighting       | 4 |  4.1
Dodging        | 1 |  1.3
Long Blades    | 3 |  3.3
Shields        | |  3.8

Action                   |  1- 3 |  4- 6 || total
-------------------------+-------+-------++-------
Melee: Long sword        |   103 |    34 ||   137
  Use: Scroll            |     5 |       ||     5
       Potion            |     4 |       ||     4
  Eat: Chunk             |     1 |     1 ||     2
Armor: Scale mail        |    48 |    16 ||    64
Dodge: Dodged            |    49 |    13 ||    62
Block: Shield            |    52 |    28 ||    80
       Rpst.: Long sword |    24 |     6 ||    30

Table legend:
 A = Spawn XP
 B = Non-spawn XP
 C = Spawn XP percentage of total XP
 D = Spawn monster count
 E = Non-spawn monster count
 F = Spawn count percentage of total count
 G = Total turns spent on level
                    A         B        C        D         E        F      G
               +---------+---------+-------+---------+---------+-------+---------
         Total |       0 |     100 |   0.0 |       0 |      48 |   0.0 |  1316
               +---------+---------+-------+---------+---------+-------+---------
           D:1 |       0 |      49 |   0.0 |       0 |      25 |   0.0 |  1085
           D:2 |       0 |      51 |   0.0 |       0 |      23 |   0.0 |   231
               +---------+---------+-------+---------+---------+-------+---------
